[Event "19th IPCA WCC 2019"]
[Site "Ruzomberok"]
[Date "2019.07.02"]
[Round "5.6"]
[White "Jurkiewicz, Krzysztof"]
[Black "Juvan, Jaka"]
[Result "0-1"]
[ECO "E01"]
[WhiteElo "2007"]
[BlackElo "2168"]
[Annotator "NA"]
[PlyCount "64"]
[EventDate "2019.06.28"]
[EventType "swiss"]
[EventCountry "SVK"]
[SourceTitle "playchess.com"]
[Source "ChessBase"]
[SourceQuality "1"]
[TimeControl "5400+30"]

1. d4 Nf6 2. c4 e6 3. g3 d5 4. Bg2 Bb4+ 5. Nd2 O-O 6. Ngf3 c6 7. O-O b6 8. a3 Be7 9. b3 Nbd7 10. Bb2 Ba6 11. Re1 Rc8 12. Ne5 Nxe5 13. dxe5 Nd7 14. e4 Nc5 15. exd5 cxd5 16. Qc2 dxc4 17. bxc4 Qd3 18. Be4 Qxc2 19. Bxc2 Rfd8 20. Red1 Nd3 21. Bc3 Bxc4 22. Ne4 Ba6 23. Rd2 Nxe5 24. Rxd8+ Bxd8 25. Rd1 Bf6 26. Ba4 Be2 27. Rc1 Be7 28. f4 Nd3 29. Rc2 Bd1 30. Rd2 Bxa4 31. Rxd3 Bc2 32. Rd7 Bf8 0-1

[Event "19th IPCA WCC 2019"]
[Site "Ruzomberok"]
[Date "2019.07.02"]
[Round "5.7"]
[White "Tsapalin, Sergey"]
[Black "Tebenkov, Vladislav"]
[Result "0-1"]
[ECO "E11"]
[WhiteElo "1935"]
[BlackElo "2096"]
[Annotator "NA"]
[PlyCount "46"]
[EventDate "2019.06.28"]
[EventType "swiss"]
[EventCountry "SVK"]
[SourceTitle "playchess.com"]
[Source "ChessBase"]
[SourceQuality "1"]
[TimeControl "5400+30"]

1. d4 Nf6 2. c4 e6 3. Nf3 Bb4+ 4. Bd2 a5 5. a3 Bxd2+ 6. Nbxd2 d6 7. e4 O-O 8. Bd3 Nc6 9. O-O e5 10. d5 Ne7 11. b4 Ng6 12. Re1 Nf4 13. Bf1 Ne8 14. Re3 f5 15. Ne1 Nf6 16. g3 Ng6 17. Nd3 f4 18. Re1 h5 19. f3 fxg3 20. hxg3 h4 21. g4 axb4 22. axb4 Rxa1 23. Qxa1 Nxg4 0-1

[Event "19th IPCA WCC 2019"]
[Site "Ruzomberok"]
[Date "2019.07.02"]
[Round "5.8"]
[White "Tersinsev, Andrey"]
[Black "Palin, Denis"]
[Result "1-0"]
[ECO "B15"]
[WhiteElo "2164"]
[BlackElo "2180"]
[Annotator "NA"]
[PlyCount "85"]
[EventDate "2019.06.28"]
[EventType "swiss"]
[EventCountry "SVK"]
[SourceTitle "playchess.com"]
[Source "ChessBase"]
[SourceQuality "1"]
[TimeControl "5400+30"]

1. e4 c6 2. d4 d5 3. Nc3 g6 4. e5 Bg7 5. f4 Nh6 6. Be3 f6 7. Nf3 Ng4 8. Bg1 Qb6 9. Na4 Qc7 10. h3 Nh6 11. Bd3 O-O 12. Bf2 Nd7 13. O-O b5 14. Nc3 Nb6 15. a4 b4 16. Nb1 a5 17. Nbd2 Be6 18. Qe2 Rae8 19. Nb3 Nd7 20. Rac1 Nf7 21. g4 f5 22. g5 Rb8 23. Kg2 Nd8 24. h4 Nb7 25. Nc5 Nbxc5 26. dxc5 Kf7 27. h5 Rh8 28. Rh1 Rbd8 29. Bd4 Qa7 30. Nh4 Nb8 31. h6 Bf8 32. Bxf5 Qd7 33. Bxe6+ Qxe6 34. f5 gxf5 35. Qh5+ Kg8 36. Rcf1 Qd7 37. g6 e6 38. g7 Bxg7 39. hxg7 Qxg7+ 40. Kh2 Kf8 41. Rhg1 Qf7 42. Qh6+ Ke8 43. Rg7 1-0

[Event "19th IPCA WCC 2019"]
[Site "Ruzomberok"]
[Date "2019.07.02"]
[Round "5.9"]
[White "Lipilin, Ilia"]
[Black "Kovacevic, Krsto"]
[Result "1-0"]
[ECO "E20"]
[WhiteElo "2084"]
[BlackElo "2049"]
[Annotator "NA"]
[PlyCount "53"]
[EventDate "2019.06.28"]
[EventType "swiss"]
[EventCountry "SVK"]
[SourceTitle "playchess.com"]
[Source "ChessBase"]
[SourceQuality "1"]
[TimeControl "5400+30"]

1. d4 Nf6 2. c4 e6 3. Nc3 Bb4 4. f3 c5 5. d5 d6 6. e4 O-O 7. Bd3 b5 8. Nge2 a6 9. O-O exd5 10. Nxd5 Nxd5 11. exd5 bxc4 12. Bxc4 Nd7 13. Qc2 Ne5 14. Ng3 Qh4 15. Be2 f5 16. f4 Ng4 17. Bxg4 Qxg4 18. a3 Ba5 19. Qa4 Bb6 20. Qc6 Rb8 21. Qxd6 c4+ 22. Kh1 Ba7 23. Be3 Rf6 24. Qe5 Bxe3 25. Qxb8 Rh6 26. Qxc8+ Kf7 27. Qxf5+ 1-0

[Event "19th IPCA WCC 2019"]
[Site "Ruzomberok"]
[Date "2019.07.02"]
[Round "5.10"]
[White "Alekseev, Mikhail"]
[Black "Kozicz, Andrzej"]
[Result "1-0"]
[ECO "B20"]
[WhiteElo "1869"]
[BlackElo "1979"]
[Annotator "NA"]
[PlyCount "149"]
[EventDate "2019.06.28"]
[EventType "swiss"]
[EventCountry "SVK"]
[SourceTitle "playchess.com"]
[Source "ChessBase"]
[SourceQuality "1"]
[TimeControl "5400+30"]

1. e4 c5 2. c4 d6 3. g3 e6 4. Bg2 Nc6 5. Ne2 Nf6 6. Nbc3 Be7 7. O-O Nd4 8. d3 a6 9. Be3 e5 10. a4 Bd7 11. Rb1 b5 12. axb5 axb5 13. Bxd4 cxd4 14. Nxb5 Bxb5 15. cxb5 Qb6 16. Qb3 O-O 17. Rfc1 Ra5 18. Rc4 Rxb5 19. Qc2 Rb8 20. b4 d5 21. exd5 Nxd5 22. Rc8+ Rxc8 23. Qxc8+ Bf8 24. Bxd5 Rxd5 25. Nc1 Rc5 26. Qg4 Rc3 27. Qd1 g6 28. b5 Bh6 29. Ne2 Rc5 30. Qa4 Bd2 31. Rb2 Ba5 32. Qb3 Kg7 33. Rb1 h5 34. h4 Bd2 35. Qb2 Ba5 36. Qb3 f6 37. Rb2 Be1 38. Rb1 Bd2 39. Rb2 Ba5 40. Rb1 Qb7 41. Qa3 Qb6 42. Rc1 Rc7 43. Rc6 Rxc6 44. Qe7+ Kh6 45. Qf8+ Kh7 46. Qf7+ Kh6 47. bxc6 Qxc6 48. Qg8 Qc7 49. Qh8+ Qh7 50. Qxf6 Qg7 51. Qxg7+ Kxg7 52. Kg2 Kf6 53. Kf3 Kf5 54. Nc1 Bb6 55. Nb3 Ba7 56. Nd2 Bc5 57. Ne4 Be7 58. Kg2 Ke6 59. Kh3 Kf5 60. f3 g5 61. g4+ Kf4 62. gxh5 gxh4 63. h6 Bf8 64. h7 Bg7 65. Kxh4 Kf5 66. Kh5 Bh8 67. Ng5 Kf6 68. Nh3 Bg7 69. Nf2 Bh8 70. Ne4+ Kf7 71. Kg5 Kg7 72. Nf6 Kf7 73. Ng4 Ke6 74. Kg6 e4 75. fxe4 1-0

[Event "19th IPCA WCC 2019"]
[Site "Ruzomberok"]
[Date "2019.07.02"]
[Round "5.11"]
[White "Glazar, Domagoj"]
[Black "Gerasimova, Svetlana"]
[Result "1-0"]
[ECO "E71"]
[WhiteElo "2153"]
[BlackElo "1913"]
[Annotator "NA"]
[PlyCount "35"]
[EventDate "2019.06.28"]
[EventType "swiss"]
[EventCountry "SVK"]
[SourceTitle "playchess.com"]
[Source "ChessBase"]
[SourceQuality "1"]
[TimeControl "5400+30"]

1. d4 Nf6 2. c4 g6 3. Nc3 Bg7 4. e4 d6 5. h3 O-O 6. Be3 Nbd7 7. g4 e5 8. d5 Nc5 9. Qc2 a5 10. Nge2 b6 11. Ng3 h5 12. gxh5 Nxh5 13. Nxh5 gxh5 14. Rg1 Kh8 15. Qe2 f5 16. Qxh5+ Kg8 17. Rxg7+ Kxg7 18. Bh6+ 1-0

[Event "19th IPCA WCC 2019"]
[Site "Ruzomberok"]
[Date "2019.07.02"]
[Round "5.12"]
[White "Zavarsky, Juraj"]
[Black "Sovietova, Kateryna"]
[Result "1-0"]
[ECO "B21"]
[WhiteElo "2000"]
[BlackElo "1279"]
[Annotator "NA"]
[PlyCount "101"]
[EventDate "2019.06.28"]
[EventType "swiss"]
[EventCountry "SVK"]
[SourceTitle "playchess.com"]
[Source "ChessBase"]
[SourceQuality "1"]
[TimeControl "5400+30"]

1. e4 c5 2. d4 cxd4 3. c3 Nc6 4. cxd4 d6 5. Nc3 a6 6. Be2 Qc7 7. Nf3 e6 8. O-O Be7 9. Be3 Nf6 10. d5 exd5 11. exd5 Ne5 12. Rc1 Qd7 13. Na4 Nxf3+ 14. Bxf3 Qf5 15. Nb6 Rb8 16. Nxc8 Rxc8 17. Qa4+ b5 18. Qxa6 O-O 19. Qxb5 Rb8 20. Qe2 Nxd5 21. Bxd5 Qxd5 22. b3 Bg5 23. Rcd1 Qe5 24. f4 Bxf4 25. Rxf4 Rfe8 26. Rf3 Rbc8 27. Qf2 f6 28. Qd2 Rcd8 29. Qd5+ Qxd5 30. Rxd5 Re6 31. Bf4 Kf7 32. Re3 Rxe3 33. Bxe3 Re8 34. Kf2 Ke6 35. Rd2 Rc8 36. Bf4 Rc6 37. Rxd6+ Rxd6 38. Bxd6 Kxd6 39. Ke3 Ke5 40. b4 Kd5 41. Kd3 g6 42. a4 Kc6 43. Kd4 f5 44. Ke5 h6 45. Kf6 f4 46. Kxg6 Kd5 47. Kf5 Kc4 48. a5 Kb5 49. Kxf4 Ka6 50. g4 Kb5 51. h4 1-0

[Event "19th IPCA WCC 2019"]
[Site "Ruzomberok"]
[Date "2019.07.02"]
[Round "5.13"]
[White "Pamarthi Audietya Aazadh"]
[Black "Jennitha, Anto K."]
[Result "0-1"]
[ECO "D02"]
[WhiteElo "1346"]
[BlackElo "1972"]
[Annotator "NA"]
[PlyCount "94"]
[EventDate "2019.06.28"]
[EventType "swiss"]
[EventCountry "SVK"]
[SourceTitle "playchess.com"]
[Source "ChessBase"]
[SourceQuality "1"]
[TimeControl "5400+30"]

1. d4 d5 2. Nf3 Nf6 3. Bf4 Nh5 4. Bg3 Nxg3 5. hxg3 e6 6. e3 Nd7 7. Bd3 f5 8. Nbd2 a6 9. Ne5 Nxe5 10. dxe5 g6 11. a3 c5 12. c3 Qc7 13. f4 c4 14. Bc2 Qb6 15. Ba4+ Kf7 16. Kf2 Qxb2 17. Qc1 Qb6 18. Nf3 Qa5 19. Bd1 Bd7 20. Be2 Kg7 21. Nd4 h5 22. Qb2 b5 23. a4 b4 24. cxb4 Bxb4 25. Rhb1 Rhb8 26. Qc2 Bc5 27. Bd1 Rb4 28. Rxb4 Bxb4 29. Rb1 Rb8 30. Kf3 Rb6 31. Ne2 Kf7 32. Nd4 Ke7 33. Rb2 Bc5 34. Rxb6 Qxb6 35. Qc3 Qb1 36. Qc2 Qb4 37. Kf2 Bxd4 38. exd4 Kd8 39. Ke2 Kc7 40. a5 Qxa5 41. Kf2 Qb4 42. Kg1 a5 43. Kh2 a4 44. Qa2 a3 45. Bc2 Qb2 46. Bb1 Qxa2 47. Bxa2 c3 0-1

[Event "19th IPCA WCC 2019"]
[Site "Ruzomberok"]
[Date "2019.07.02"]
[Round "5.14"]
[White "Wielecki, Zygmunt"]
[Black "Roehrig, Uwe"]
[Result "1/2-1/2"]
[ECO "C11"]
[WhiteElo "2145"]
[BlackElo "1802"]
[Annotator "NA"]
[PlyCount "69"]
[EventDate "2019.06.28"]
[EventType "swiss"]
[EventCountry "SVK"]
[SourceTitle "playchess.com"]
[Source "ChessBase"]
[SourceQuality "1"]
[TimeControl "5400+30"]

1. e4 e6 2. d4 d5 3. Nc3 Nf6 4. Bg5 dxe4 5. Nxe4 Nbd7 6. Nf3 Be7 7. Bxf6 Nxf6 8. Bd3 Bd7 9. Ne5 c5 10. dxc5 Bxc5 11. O-O Nxe4 12. Bxe4 Qc7 13. Nxd7 Qxd7 14. Qf3 O-O-O 15. b4 Bd4 16. Rad1 Qc7 17. c4 f5 18. Bd3 g6 19. c5 e5 20. Bb5 e4 21. Qb3 Kb8 22. Qe6 Qe5 23. Qc4 e3 24. fxe3 Bxe3+ 25. Kh1 Rd4 26. Rxd4 Qxd4 27. Qe6 Rd8 28. c6 a6 29. Bxa6 bxa6 30. Qe7 Qb6 31. c7+ Qxc7 32. Qxe3 Qd6 33. a3 Kb7 34. h3 Qd3 35. Qf2 1/2-1/2

[Event "19th IPCA WCC 2019"]
[Site "Ruzomberok"]
[Date "2019.07.02"]
[Round "5.16"]
[White "Matana, Zoran"]
[Black "Pilimon, Zbigniew"]
[Result "1-0"]
[ECO "D37"]
[WhiteElo "1818"]
[BlackElo "1670"]
[Annotator "NA"]
[PlyCount "114"]
[EventDate "2019.06.28"]
[EventType "swiss"]
[EventCountry "SVK"]
[SourceTitle "playchess.com"]
[Source "ChessBase"]
[SourceQuality "1"]
[TimeControl "5400+30"]

1. d4 Nf6 2. c4 e6 3. Nc3 d5 4. Nf3 Be7 5. Bf4 c6 6. e3 Nbd7 7. Be2 O-O 8. O-O Re8 9. Qc2 Nh5 10. Bg3 Nxg3 11. hxg3 Nf8 12. Rad1 Ng6 13. e4 dxe4 14. Nxe4 Bd7 15. Ne5 Nxe5 16. dxe5 c5 17. Nd6 Bxd6 18. Rxd6 Qc7 19. Rfd1 Bc6 20. Qd2 h6 21. Bd3 Re7 22. Bc2 Rae8 23. Qd3 g6 24. f3 b6 25. Kf2 Rc8 26. g4 Ree8 27. Qe3 Kg7 28. Qd2 Qe7 29. Kg3 Rc7 30. a3 Rh8 31. Qf4 Re8 32. Qd2 Rh8 33. b4 cxb4 34. axb4 Rhc8 35. Bb3 Qg5 36. f4 Qe7 37. Qd4 Kh7 38. Rd3 Kg7 39. Ba2 Be8 40. b5 Kh7 41. Kh3 Kg7 42. Bb3 Kh7 43. g3 Kg7 44. Kg2 Kh7 45. Rd1 Kg7 46. Rh1 Rd7 47. Rd1 Rdc7 48. Kf2 Kh7 49. Qe4 Kg7 50. R1d4 Kh7 51. Ba2 Kg7 52. Bb1 Rc5 53. Bd3 R5c7 54. f5 gxf5 55. gxf5 exf5 56. Qxf5 Qg5 57. Rg4 Ra8 1-0

[Event "19th IPCA WCC 2019"]
[Site "Ruzomberok"]
[Date "2019.07.02"]
[Round "5.17"]
[White "Kaydanovich, Marina"]
[Black "Samarth J Rao"]
[Result "1/2-1/2"]
[ECO "D30"]
[WhiteElo "1760"]
[BlackElo "1593"]
[Annotator "NA"]
[PlyCount "196"]
[EventDate "2019.06.28"]
[EventType "swiss"]
[EventCountry "SVK"]
[SourceTitle "playchess.com"]
[Source "ChessBase"]
[SourceQuality "1"]
[TimeControl "5400+30"]

1. d4 d5 2. c4 e6 3. Nf3 Nf6 4. Bg5 Be7 5. e3 O-O 6. Bd3 c6 7. O-O Ne4 8. Bxe7 Qxe7 9. Qc2 f5 10. Ne5 Nd7 11. Nxd7 Bxd7 12. f3 Ng5 13. Nc3 Rf6 14. Rae1 Rh6 15. a3 Qd6 16. f4 Ne4 17. Bxe4 fxe4 18. c5 Qe7 19. b4 Rf8 20. Rf2 Rff6 21. a4 Rfg6 22. g3 e5 23. fxe5 Bg4 24. Ne2 Bf3 25. Kf1 Qd7 26. Ng1 Qg4 27. Ra1 Rg5 28. Ra2 Rf5 29. Ke1 Qg5 30. Qd2 Rg6 31. Nxf3 exf3 32. Kd1 h5 33. Kc2 h4 34. gxh4 Qxh4 35. Kc3 Qe4 36. Qd3 Rfg5 37. Qxe4 dxe4 38. Kc4 Rg2 39. d5 Rxf2 40. Rxf2 Rg2 41. Rf1 Rd2 42. dxc6 bxc6 43. b5 cxb5+ 44. axb5 Kf7 45. b6 axb6 46. cxb6 Ke6 47. Rb1 f2 48. b7 Rb2 49. Rxb2 f1=Q+ 50. Kb4 Qf8+ 51. Kb5 Qb8 52. Ka6 Kxe5 53. Rb5+ Kd6 54. h4 Kd7 55. h5 Kc6 56. Rb6+ Kc5 57. Rg6 Qe5 58. Ka7 Qa1+ 59. Ra6 Qh1 60. b8=Q Kc4 61. Rc6+ Kd3 62. Qb3+ Ke2 63. Rc5 Qa1+ 64. Kb7 Qf6 65. Qc3 Qf7+ 66. Rc7 Qxh5 67. Rxg7 Qd5+ 68. Kc7 Kf2 69. Rd7 Qe6 70. Qd4 Kf3 71. Rd6 Qe7+ 72. Kc6 Qe8+ 73. Kd5 Qg8+ 74. Re6 Qd8+ 75. Ke5 Qg5+ 76. Kd6 Qd8+ 77. Kc5 Qa5+ 78. Kc6 Qa8+ 79. Kd7 Qb7+ 80. Ke8 Qb5+ 81. Ke7 Qb7+ 82. Kf6 Qh7 83. Re5 Qh6+ 84. Ke7 Qg7+ 85. Kd6 Qf8+ 86. Kd7 Qf7+ 87. Re7 Qf5+ 88. Kd6 Qg6+ 89. Re6 Qh7 90. Qf6+ Kxe3 91. Qh6+ Qxh6 92. Rxh6 Kd2 93. Rh2+ Kd3 94. Ke5 e3 95. Rh3 Kd2 96. Ke4 e2 97. Rd3+ Kc2 98. Re3 Kd2 1/2-1/2

[Event "19th IPCA WCC 2019"]
[Site "Ruzomberok"]
[Date "2019.07.02"]
[Round "5.18"]
[White "Felegyi, Karoly"]
[Black "Angappan A"]
[Result "1-0"]
[ECO "C42"]
[WhiteElo "1674"]
[BlackElo "1267"]
[Annotator "NA"]
[PlyCount "107"]
[EventDate "2019.06.28"]
[EventType "swiss"]
[EventCountry "SVK"]
[SourceTitle "playchess.com"]
[Source "ChessBase"]
[SourceQuality "1"]
[TimeControl "5400+30"]

1. e4 e5 2. Nf3 Nf6 3. Nc3 Bb4 4. Bc4 O-O 5. d3 Nc6 6. O-O Bxc3 7. bxc3 d5 8. exd5 Nxd5 9. Bxd5 Qxd5 10. c4 Qd6 11. a4 Bg4 12. Ba3 Nb4 13. c3 e4 14. Bxb4 c5 15. dxe4 Qxd1 16. Rfxd1 cxb4 17. cxb4 Rfe8 18. Rd4 Rad8 19. Rad1 Rc8 20. c5 f6 21. h3 Be6 22. R1d3 Ba2 23. Nd2 a5 24. Nc4 Bb1 25. Rb3 Bxe4 26. Nd6 Bc2 27. Rb2 Bxa4 28. Nxe8 Bxe8 29. bxa5 Rxc5 30. Rxb7 Rxa5 31. Rb8 Kf7 32. Rdd8 Re5 33. g4 Re6 34. Kh2 Re2 35. Kg3 Re5 36. h4 Re6 37. Ra8 Re5 38. Rdc8 Re4 39. Ra7+ Re7 40. Rcc7 Rxc7 41. Rxc7+ Kg6 42. h5+ Kh6 43. f4 g6 44. hxg6 Bxg6 45. f5 Be8 46. Kf4 Ba4 47. Rf7 Bd1 48. Rxf6+ Kg7 49. Rd6 Be2 50. g5 Bh5 51. Ke5 Bf7 52. Rd7 Kg8 53. Kf6 Ba2 54. Rd8# 1-0

[Event "19th IPCA WCC 2019"]
[Site "Ruzomberok"]
[Date "2019.07.02"]
[Round "5.19"]
[White "Zicho, Anton"]
[Black "Korber, Antonin"]
[Result "1-0"]
[ECO "C00"]
[WhiteElo "1662"]
[BlackElo "1759"]
[Annotator "NA"]
[PlyCount "51"]
[EventDate "2019.06.28"]
[EventType "swiss"]
[EventCountry "SVK"]
[SourceTitle "playchess.com"]
[Source "ChessBase"]
[SourceQuality "1"]
[TimeControl "5400+30"]

1. e4 e6 2. d4 c5 3. c3 b6 4. Bd3 Bb7 5. Nf3 Ne7 6. Bg5 f6 7. Be3 cxd4 8. cxd4 Ng6 9. Nbd2 Be7 10. O-O Ba6 11. Qe2 Bxd3 12. Qxd3 O-O 13. d5 Ne5 14. Nxe5 fxe5 15. d6 Bf6 16. Rac1 Nc6 17. a3 Bg5 18. Rc3 Bxe3 19. Qxe3 b5 20. Rfc1 Qf6 21. f3 Qf4 22. Qd3 a5 23. Nb3 Rfb8 24. Nc5 Ra7 25. Nxe6 Qf6 26. Qd5 1-0

[Event "19th IPCA WCC 2019"]
[Site "Ruzomberok"]
[Date "2019.07.02"]
[Round "5.21"]
[White "Konkolova, Nikola"]
[Black "Wollner, Bohus"]
[Result "1-0"]
[ECO "C42"]
[WhiteElo "1518"]
[BlackElo "1222"]
[Annotator "NA"]
[PlyCount "29"]
[EventDate "2019.06.28"]
[EventType "swiss"]
[EventCountry "SVK"]
[SourceTitle "playchess.com"]
[Source "ChessBase"]
[SourceQuality "1"]
[TimeControl "5400+30"]

1. e4 e5 2. Nf3 Nf6 3. Nc3 Bb4 4. a3 Bxc3 5. dxc3 c5 6. Bg5 d6 7. Bb5+ Bd7 8. Bxd7+ Nbxd7 9. Qxd6 Qb6 10. Qxb6 axb6 11. Bxf6 Nxf6 12. O-O Nd7 13. Rad1 Rd8 14. Rd5 O-O 15. Rfd1 1-0

[Event "19th IPCA WCC 2019"]
[Site "Ruzomberok"]
[Date "2019.07.02"]
[Round "5.22"]
[White "Frumin, Rebeka"]
[Black "Engel, Katalin"]
[Result "1-0"]
[ECO "C10"]
[WhiteElo "1398"]
[BlackElo "1537"]
[Annotator "NA"]
[PlyCount "133"]
[EventDate "2019.06.28"]
[EventType "swiss"]
[EventCountry "SVK"]
[SourceTitle "playchess.com"]
[Source "ChessBase"]
[SourceQuality "1"]
[TimeControl "5400+30"]

1. e4 e6 2. d4 d5 3. Nc3 c5 4. Bb5+ Nc6 5. exd5 exd5 6. Qe2+ Be6 7. Nf3 a6 8. Bxc6+ bxc6 9. O-O c4 10. Ng5 Qd7 11. Re1 Be7 12. Nxe6 fxe6 13. Qxe6 Qxe6 14. Rxe6 Kd7 15. Re2 Nf6 16. Na4 Rab8 17. Bf4 Rb4 18. b3 cxb3 19. cxb3 Rxd4 20. Be5 Rb4 21. Rae1 Re8 22. Nb2 Rg4 23. f3 Rg5 24. Nd3 h5 25. Bf4 Rf5 26. Bg3 g5 27. Ne5+ Kd6 28. Ng6+ Kd7 29. Nxe7 Rxe7 30. Rxe7+ Kd8 31. R7e5 Rxe5 32. Rxe5 h4 33. Bf2 Nh7 34. Bc5 a5 35. Bb6+ Kd7 36. Bxa5 Kd6 37. Re2 Nf8 38. Rc2 Ne6 39. Bd2 Nd4 40. Bb4+ Ke5 41. Rd2 h3 42. Bd6+ Kxd6 43. Rxd4 hxg2 44. Kxg2 c5 45. Rd1 Ke5 46. Kg3 c4 47. bxc4 dxc4 48. a4 c3 49. Rc1 Kd4 50. a5 Kd3 51. a6 Kd2 52. Rxc3 Kxc3 53. a7 Kd4 54. a8=Q Kc5 55. Qb7 Kd6 56. Kg4 Kc5 57. Kf5 Kd4 58. Qc6 g4 59. fxg4 Ke3 60. Qc4 Kf3 61. Qd3+ Kg2 62. Qe3 Kf1 63. Qd2 Kg1 64. Qe2 Kh1 65. Kf4 Kg1 66. Kg3 Kh1 67. Qg2# 1-0

[Event "19th IPCA WCC 2019"]
[Site "Ruzomberok"]
[Date "2019.07.03"]
[Round "6.1"]
[White "Babula, Milan"]
[Black "Yarmonov, Igor"]
[Result "1-0"]
[ECO "B18"]
[WhiteElo "2220"]
[BlackElo "2389"]
[Annotator "NA"]
[PlyCount "97"]
[EventDate "2019.06.28"]
[EventType "swiss"]
[EventCountry "SVK"]
[SourceTitle "playchess.com"]
[Source "ChessBase"]
[SourceQuality "1"]
[TimeControl "5400+30"]

1. e4 c6 2. d4 d5 3. Nc3 dxe4 4. Nxe4 Bf5 5. Ng3 Bg6 6. N1e2 e6 7. Nf4 Bd6 8. c3 Ne7 9. h4 Nd7 10. h5 Bf5 11. Nxf5 Nxf5 12. Bd3 Qc7 13. Qf3 O-O-O 14. Bd2 Ne7 15. Ne2 f5 16. O-O-O e5 17. Bxf5 Nxf5 18. Qxf5 Rhf8 19. Qg4 Rxf2 20. Rhf1 Rxf1 21. Rxf1 Rf8 22. Rxf8+ Bxf8 23. Be1 exd4 24. Nxd4 Qe5 25. Bd2 a6 26. a4 Bd6 27. Nf5 Bf8 28. Ne3 Qf6 29. Nc4 Qf7 30. a5 g6 31. hxg6 hxg6 32. Nb6+ Kc7 33. Nxd7 Qxd7 34. Qxg6 Bd6 35. g4 Be5 36. Qe4 Qd6 37. Be3 Qf6 38. Kc2 Kd7 39. g5 Qe6 40. Qh7+ Kc8 41. Qe4 Kd7 42. Qd3+ Ke8 43. Bc5 Kf7 44. Be3 Qg4 45. b4 Qg2+ 46. Kb3 Qg4 47. Qh7+ Ke6 48. Qg6+ Kd7 49. Qf7+ 1-0

[Event "19th IPCA WCC 2019"]
[Site "Ruzomberok"]
[Date "2019.07.03"]
[Round "6.2"]
[White "Gurbanov, Andrei"]
[Black "Mukha, Nikolay"]
[Result "0-1"]
[ECO "A61"]
[WhiteElo "2300"]
[BlackElo "2159"]
[Annotator "NA"]
[PlyCount "64"]
[EventDate "2019.06.28"]
[EventType "swiss"]
[EventCountry "SVK"]
[SourceTitle "playchess.com"]
[Source "ChessBase"]
[SourceQuality "1"]
[TimeControl "5400+30"]

1. d4 Nf6 2. c4 c5 3. d5 e6 4. Nc3 exd5 5. cxd5 d6 6. Nf3 g6 7. Nd2 Bg7 8. e4 O-O 9. Bd3 b6 10. O-O Ng4 11. h3 Ne5 12. Be2 Ba6 13. f4 Nd3 14. Bxd3 Bxd3 15. Rf3 c4 16. Kh1 Nd7 17. Re3 b5 18. Nf3 b4 19. Ne2 Re8 20. Ng3 Nc5 21. Qe1 c3 22. e5 dxe5 23. Nxe5 Qxd5 24. bxc3 bxc3 25. Qxc3 Rac8 26. Qe1 Ba6 27. Ba3 Nd3 28. Nxd3 Rxe3 29. Qxe3 Bxa1 30. Nf2 Bb7 31. Nfe4 f5 32. Qe1 Bg7 0-1

[Event "19th IPCA WCC 2019"]
[Site "Ruzomberok"]
[Date "2019.07.03"]
[Round "6.3"]
[White "Tebenkov, Vladislav"]
[Black "Shashikant, Kutwal"]
[Result "1-0"]
[ECO "B53"]
[WhiteElo "2096"]
[BlackElo "2176"]
[Annotator "NA"]
[PlyCount "81"]
[EventDate "2019.06.28"]
[EventType "swiss"]
[EventCountry "SVK"]
[SourceTitle "playchess.com"]
[Source "ChessBase"]
[SourceQuality "1"]
[TimeControl "5400+30"]

1. e4 c5 2. Nf3 d6 3. d4 cxd4 4. Qxd4 e5 5. Bb5+ Nd7 6. Bxd7+ Bxd7 7. Qd3 Rc8 8. Nc3 h6 9. Be3 Nf6 10. Nd2 Qc7 11. f3 a6 12. O-O Be7 13. Bf2 O-O 14. Rfd1 b5 15. a3 Be6 16. Nf1 Bc4 17. Qd2 a5 18. Ne3 b4 19. axb4 axb4 20. Na2 b3 21. cxb3 Bxb3 22. Rdc1 Qb7 23. Nc3 Qb4 24. Nf5 Rfe8 25. Bh4 Kh7 26. Bxf6 Bxf6 27. Qxd6 Qb7 28. Qa6 Qxa6 29. Rxa6 Bg5 30. Rca1 Rb8 31. h4 Bd8 32. Kh2 g6 33. Nd6 Re6 34. Nd5 Bxh4 35. Nxf7 Bxd5 36. exd5 Re7 37. Ra7 Kg7 38. Nxe5 Rxb2 39. Rxe7+ Bxe7 40. Ra7 Kf6 41. Ng4+ 1-0

[Event "19th IPCA WCC 2019"]
[Site "Ruzomberok"]
[Date "2019.07.03"]
[Round "6.4"]
[White "Nowak, Lukasz"]
[Black "Zavarsky, Juraj"]
[Result "1-0"]
[ECO "B32"]
[WhiteElo "2267"]
[BlackElo "2000"]
[Annotator "NA"]
[PlyCount "71"]
[EventDate "2019.06.28"]
[EventType "swiss"]
[EventCountry "SVK"]
[SourceTitle "playchess.com"]
[Source "ChessBase"]
[SourceQuality "1"]
[TimeControl "5400+30"]

1. e4 c5 2. Nf3 Nc6 3. d4 cxd4 4. Nxd4 Qb6 5. Nb3 e6 6. Nc3 Bb4 7. Bd2 Nf6 8. Bd3 Ne5 9. O-O Nxd3 10. cxd3 d5 11. exd5 O-O 12. Be3 Qd8 13. dxe6 Bxe6 14. Bg5 h6 15. Bh4 g5 16. Bg3 Bf5 17. d4 Bg4 18. Qd3 Re8 19. Rfe1 Qd7 20. h4 b6 21. hxg5 hxg5 22. Re5 Rxe5 23. Bxe5 Nh7 24. Ne4 Bf5 25. Qf3 Bxe4 26. Qxe4 Rc8 27. Rc1 Rxc1+ 28. Nxc1 f5 29. Qc2 Be7 30. Ne2 Bf6 31. Ng3 Bxe5 32. dxe5 f4 33. Nh5 Kf8 34. Qg6 Qf7 35. Qh6+ Ke8 36. Qxh7 1-0

[Event "19th IPCA WCC 2019"]
[Site "Ruzomberok"]
[Date "2019.07.03"]
[Round "6.5"]
[White "Juvan, Jaka"]
[Black "Alekseev, Mikhail"]
[Result "0-1"]
[ECO "B15"]
[WhiteElo "2168"]
[BlackElo "1869"]
[Annotator "NA"]
[PlyCount "96"]
[EventDate "2019.06.28"]
[EventType "swiss"]
[EventCountry "SVK"]
[SourceTitle "playchess.com"]
[Source "ChessBase"]
[SourceQuality "1"]
[TimeControl "5400+30"]

1. e4 c6 2. d4 d5 3. Nc3 a6 4. Nf3 Bg4 5. Be2 e6 6. O-O Nf6 7. exd5 cxd5 8. Ne5 Bxe2 9. Nxe2 Nc6 10. f4 Bd6 11. Ng3 Qc7 12. Be3 h5 13. Rc1 b5 14. a4 g6 15. Rf3 Ng4 16. Kh1 Nxe3 17. Rxe3 Bxe5 18. fxe5 h4 19. Ne2 Ne7 20. Rc3 Qd7 21. axb5 axb5 22. Rb3 O-O 23. Nf4 Nf5 24. Qg4 Kh7 25. g3 hxg3 26. hxg3 Rh8 27. Kg2 Kg7 28. Ne2 Rh5 29. Rh1 Rxh1 30. Kxh1 Rh8+ 31. Kg1 Rc8 32. Nc3 Rc4 33. Nxb5 Rxc2 34. Qd1 Rc4 35. g4 Qc6 36. Qd3 Nxd4 37. Nxd4 Qc5 38. Kg2 Rxd4 39. Qf3 Qe7 40. Rb7 Rxg4+ 41. Qxg4 Qxb7 42. Qg5 Qxb2+ 43. Kg1 Qb1+ 44. Kg2 Qe4+ 45. Kg1 Qf5 46. Qe3 g5 47. Qc3 Qg4+ 48. Kh1 Qc4 0-1

[Event "19th IPCA WCC 2019"]
[Site "Ruzomberok"]
[Date "2019.07.03"]
[Round "6.6"]
[White "Palin, Denis"]
[Black "Lipilin, Ilia"]
[Result "1/2-1/2"]
[ECO "A04"]
[WhiteElo "2180"]
[BlackElo "2084"]
[Annotator "NA"]
[PlyCount "105"]
[EventDate "2019.06.28"]
[EventType "swiss"]
[EventCountry "SVK"]
[SourceTitle "playchess.com"]
[Source "ChessBase"]
[SourceQuality "1"]
[TimeControl "5400+30"]

1. Nf3 f5 2. b3 d6 3. d4 Nf6 4. Bb2 g6 5. g3 Bg7 6. Bg2 O-O 7. O-O c6 8. c4 e5 9. dxe5 Ng4 10. Nc3 Nxe5 11. Nxe5 dxe5 12. Qxd8 Rxd8 13. Rad1 Rxd1 14. Rxd1 Bf6 15. Na4 Nd7 16. f4 Kf7 17. b4 e4 18. Bxf6 Nxf6 19. Rd8 Ne8 20. e3 Ke7 21. Rd4 Be6 22. Bf1 b6 23. a3 Nf6 24. h3 Nd7 25. Nc3 a5 26. b5 Rc8 27. g4 cxb5 28. Nxb5 Nc5 29. gxf5 gxf5 30. Rd2 Rd8 31. Nd4 Bd7 32. Rb2 Na4 33. Rg2 Kf6 34. h4 Nc5 35. h5 Ne6 36. Rb2 Rb8 37. Rd2 Be8 38. Be2 Rd8 39. Kf2 Ng7 40. Rb2 Rd6 41. Rb1 Ne6 42. Rd1 Nc5 43. Rg1 Ne6 44. Rd1 Ba4 45. Rb1 Be8 46. Rd1 Bf7 47. Rb1 Nc5 48. Rb5 Be8 49. Rb1 Ba4 50. Rg1 Ne6 51. Rb1 Be8 52. Rd1 Ng7 53. Rg1 1/2-1/2